 Dungeon Crawl Stone Soup version 0.26-a0-257-g47e9e61525 (webtiles) character file.

Game seed: 13492222850748906097

2898 Gargoyl the Skirmisher (level 9, 0/118 HPs)
             Began as a Centaur Abyssal Knight on July 10, 2020.
             Was a Priest of Lugonu.
             Slain by Maggie
             ... wielding a +0 morningstar of distortion
              (3 damage)
             ... on level 6 of the Dungeon.
             The game lasted 00:11:24 (8231 turns).

Gargoyl the Skirmisher (Centaur Abyssal Knight)     Turns: 8231, Time: 00:11:25

Health: 0/118      AC: 24    Str: 16    XL:     9   Next: 49%
Magic:  13/13      EV:  1    Int: 11    God:    Lugonu [***...]
Gold:   225        SH:  0    Dex: 11    Spells: 8/8 levels left

rFire    . . .     SeeInvis .   w - +0 hand axe (venom)
rCold    . . .     Faith    .   (no shield)
rNeg     + + +     Spirit   .   (armour currently unavailable)
rPois    +         Reflect  .   (helmet currently unavailable)
rElec    .         Harm     .   (cloak currently unavailable)
rCorr    .         NoTele   +   (gloves currently unavailable)
MR       .....                  (no barding)
Stlth    +.........             (no amulet)
HPRegen  0.29/turn              t - ring of positive energy
MPRegen  0.13/turn              (no ring)

@: mighty, tree-form, stab, mesmerised
A: large
a: Depart the Abyss, Bend Space, Banish, Renounce Religion


You were on level 6 of the Dungeon.
You worshipped Lugonu.
Lugonu was most pleased with you.
You were not hungry.
You were a tree.
You visited 2 branches of the dungeon, and saw 7 of its levels.
You visited the Abyss 1 time.

You collected 225 gold pieces.

Inventory:

Hand Weapons
 a - a +1 hand axe
 g - a +1 vorpal hand axe
 w - a +0 hand axe of venom (weapon)
Missiles
 o - 4 javelins (quivered)
Armour
 i - a +0 pair of gloves (melded)
 p - a +1 plate armour (melded)
Jewellery
 b - an uncursed ring of flight
 t - a ring of positive energy (left branch)
 A - an uncursed amulet of faith {unknown}
Wands
 u - a wand of polymorph (4)
 z - a wand of random effects (15)
Scrolls
 e - 8 scrolls of remove curse
 s - 5 scrolls of identify
 v - a scroll of teleportation {unknown}
 y - a scroll of fear {unknown}
 B - a scroll of magic mapping
Potions
 d - a potion of curing
 f - 2 potions of haste
 j - a potion of lignification
 k - a potion of cancellation
 n - a potion of might
 q - a potion of brilliance {unknown}
 r - a potion of invisibility {unknown}
 x - a potion of flight {unknown}
Comestibles
 c - 10 rations


   Skills:
 + Level 7.1 Fighting
 + Level 5.5 Axes
 + Level 1.5 Throwing
 * Level 5.9 Armour
 * Level 3.0 Dodging
 * Level 5.3 Invocations


You had 8 spell levels left.
You didn't know any spells.
Your spell library contained the following spells:

 Spells                   Type           Power        Failure   Level
 Animate Skeleton         Necr           #.....       34%         1
 Apportation              Tloc           #.....       34%         1
 Corona                   Hex            #......      34%         1
 Summon Small Mammal      Summ           #...         34%         1
 Ensorcelled Hibernation  Hex/Ice        #.....       47%         2
 Slow                     Hex            #.......     47%         2
 Confusing Touch          Hex            #.......     71%         3
 Dazzling Flash           Conj/Hex       #.....       71%         3
 Inner Flame              Hex/Fire       #.......     71%         3
 Portal Projectile        Hex/Tloc       #.....       71%         3
 Tukima's Dance           Hex            #.......     71%         3
 Cause Fear               Hex            #.........   98%         4
 Leda's Liquefaction      Hex/Erth       #.........   98%         4


Dungeon Overview and Level Annotations

Branches:
Dungeon (6/15)             Temple (1/1) D:5

Altars:
Qazlal
Vehumet
Wu Jian
Zin
The Shining One

Shops:
D:5 [

Annotations:
D:6 Maggie


Innate Abilities, Weirdness & Mutations

((You have hooves in place of feet.))
((Armour fits poorly on your strangely shaped body.))
((You cover ground very quickly.))
((You have extremely tough skin. (AC +3)))


Message History

The bolt of fire hits you!
It was a potion of stabbing.
You feel ready to backstab. Maggie hits you but does no damage.
Space bends around you.
It was a potion of might.
You feel very mighty all of a sudden. Maggie casts a spell at you.
The bolt of fire hits you!
You slash Maggie!
Maggie is poisoned.
Maggie is moderately wounded.
Maggie hits you but does no damage. Space warps horribly around you!
* * * LOW HITPOINT WARNING * * *
You slash Maggie!
Maggie looks as sick as possible!
Maggie is heavily wounded.
Maggie hits you but does no damage. Space warps horribly around you!!
* * * LOW HITPOINT WARNING * * *
You closely miss Maggie.
Maggie is severely wounded.
Maggie hits you but does no damage. Space bends around you.
You die...

........................#
....################....#
....#........... ##...#
....'.......[... ##.##
....#........... ..###
....############ ...#
....# #...#
....##############....#
##'##...........♣@...#
....†...............##
....#............$.##
....################
........ .........
......... ...###... '###
##+


You could see Maggie (mesmerising, extremely poisoned).

Vanquished Creatures
  Sigmund (D:3)
  Eustachio (D:6)
  Menkaure (D:4)
  2 orc warriors (D:5)
  2 sky beasts (D:6)
  A phantom (D:5)
  3 ogres
  2 centaurs (D:6)
  A bullfrog (D:6)
  Blork the orc (D:6)
  2 scorpions
  3 wights
  A hound (D:5)
  2 centaur skeletons
  2 orc priests
  A bullfrog skeleton (D:5)
  Terence (D:3)
  4 orc wizards
  5 worker ants
  2 killer bee zombies
  2 worker ant zombies (D:5)
  6 adders
  2 white imps
  2 ufetubi (D:6)
  An adder skeleton (D:4)
  A worm (D:2)
  5 dart slugs
  8 leopard geckos
  18 orcs
  5 ball pythons
  4 bats
  5 giant cockroaches
  6 goblins
  9 hobgoblins
  11 jackals
  7 kobolds
  A quokka (D:2)
  A ball python skeleton (D:4)
  7 frilled lizards
  A leopard gecko skeleton (D:4)
  A leopard gecko zombie (D:5)
  9 rats
150 creatures vanquished.

Vanquished Creatures (collateral kills)
  A deep elf demonologist (Abyss:2)
1 creature vanquished.

Vanquished Creatures (others)
  A centaur (D:5)
1 creature vanquished.

Grand Total: 152 creatures vanquished

Notes
Turn   | Place    | Note
-------+----------+-------------------------------------------
     0 | Abyss:1  | Gargoyl the Centaur Abyssal Knight began the quest for the
                  | Orb.
     0 | Abyss:1  | Reached XP level 1. HP: 19/19 MP: 2/2
     4 | Abyss:2  | Found a shimmering blue altar of Sif Muna.
     9 | Abyss:2  | Noticed a deep elf demonologist
    10 | Abyss:2  | Noticed a shadow demon
    10 | Abyss:2  | Noticed a shadow demon
    14 | Abyss:2  | Killed a deep elf demonologist
    14 | Abyss:2  | Reached skill level 6 in Fighting
    14 | Abyss:2  | Reached XP level 2. HP: 30/30 MP: 2/4
    14 | Abyss:2  | Reached XP level 3. HP: 37/37 MP: 2/5
    14 | Abyss:2  | Reached XP level 4. HP: 44/44 MP: 2/6
    14 | Abyss:2  | Reached XP level 5. HP: 50/50 MP: 2/7
    14 | Abyss:2  | Reached XP level 6. HP: 57/57 MP: 2/8
    15 | Abyss:2  | Noticed a chaos spawn
    16 | Abyss:2  | Noticed a soul eater
    16 | Abyss:2  | Noticed a large abomination
    20 | Abyss:2  | Noticed an ancient zyme
    22 | Abyss:2  | Noticed a smoke demon
    24 | Abyss:2  | Noticed an efreet
    28 | Abyss:2  | Noticed a rust devil
    29 | Abyss:2  | Noticed an ice devil
    31 | Abyss:2  | Noticed an orc high priest
    31 | Abyss:2  | HP: 2/57 [soul eater/drain life[a shadow demon] (21)]
    32 | Abyss:2  | Noticed a red devil
    32 | D:1      | Escaped the Abyss
   434 | D:1      | Reached skill level 1 in Dodging
   568 | D:1      | Reached * piety under Lugonu
  1429 | D:2      | Reached XP level 7. HP: 52/64 MP: 9/9
  1539 | D:2      | Found an ornate altar of the Wu Jian Council.
  1872 | D:2      | Found a glowing golden altar of the Shining One.
  1986 | D:2      | Reached ** piety under Lugonu
  2218 | D:2      | Found a glowing silver altar of Zin.
  2292 | D:2      | Found a stormy altar of Qazlal.
  2825 | D:3      | Noticed Sigmund
  2843 | D:3      | Killed Sigmund
  2852 | D:3      | Found a radiant altar of Vehumet.
  3443 | D:3      | Noticed Terence
  3468 | D:3      | Killed Terence
  4728 | D:4      | Reached XP level 8. HP: 63/71 MP: 10/10
  4863 | D:4      | Noticed Menkaure
  4872 | D:4      | Killed Menkaure
  5335 | D:5      | Entered Level 5 of the Dungeon
  5366 | D:5      | Found a staircase to the Ecumenical Temple.
  5386 | D:5      | Reached *** piety under Lugonu
  5649 | D:5      | Found Nuut's Armour Emporium.
  5673 | Temple   | Entered the Ecumenical Temple
  6413 | D:5      | Reached skill level 5 in Armour
  6702 | D:5      | Reached skill level 5 in Axes
  6702 | D:5      | Reached skill level 1 in Throwing
  6923 | D:6      | Reached XP level 9. HP: 57/78 MP: 12/12
  6933 | D:6      | HP: 2/78 [orc warrior/cursed -3 war axe (16)]
  7267 | D:6      | Noticed Eustachio
  7285 | D:6      | Killed Eustachio
  7305 | D:6      | Reached skill level 5 in Invocations
  7421 | D:6      | Noticed Blork the orc
  7434 | D:6      | Reached skill level 7 in Fighting
  7440 | D:6      | Killed Blork the orc
  8206 | D:6      | Noticed Maggie
  8230 | D:6      | HP: 3/118 [Maggie/+0 morningstar of distortion (21)]
  8231 | D:6      | Slain by Maggie

Illustrated notes

Levels and vault maps discovered:
D:1:      enne_arrival_octagon_isle, layout_loops_ring, minmay_tromino_v2
D:2:      layout_basic, overflow_temple_1_default,
          nicolae_overflow_crystal_walls, nicolae_overflow_hidden_temple,
          kennysheep_minor_cross
D:3:      layout_basic, fiery_altar_vehumet, minivault_27, uniq_sigmund,
          uniq_terence
D:4:      layout_rooms, first_ration, uniq_menkaure
D:5:      layout_basic, minmay_temple_entry_large_hall, serial_shops, shop
D:6:      layout_gridville, lemuel_coloured_pillars_altar, portal_sewer_entry_e,
          nrook_uturn, uniq_edmund, uniq_blork_the_orc, uniq_eustachio,
          uniq_maggie
Temple:   jpeg_temple_alley_garden

Skill      XL: |  1  2  3  4  5  6  7  8  9 |
---------------+----------------------------+-----
Fighting       | 6 7 |  7.1
Axes           | 2 3 5 |  5.5
Armour         | 2 3 5 |  5.9
Invocations    | 3 4 5 |  5.3
Dodging        | 1 2 3 |  3.0
Throwing       | 1 |  1.5

Action                   |  1- 3 |  4- 6 |  7- 9 || total
-------------------------+-------+-------+-------++-------
Melee: Hand axe          |       |    82 |   455 ||   537
       Kick              |       |    17 |   118 ||   135
Throw: Javelin           |       |       |    18 ||    18
Invok: Depart the Abyss  |       |     1 |       ||     1
       Banish            |       |       |     1 ||     1
  Use: Scroll            |     1 |     4 |     7 ||    12
       Potion            |       |       |     9 ||     9
  Eat: Ration            |       |     1 |     5 ||     6
Armor: Scale mail        |       |    38 |    69 ||   107
       Leather armour    |       |    15 |       ||    15
       Plate armour      |       |       |   291 ||   291
       Skin              |       |       |     5 ||     5
Dodge: Dodged            |       |    39 |   110 ||   149

Table legend:
 A = Non-vault XP
 B = Vault XP
 C = Vault XP percentage of total XP
 D = Non-vault monster count
 E = Vault monster count
 F = Vault count percentage of total count
                 A         B        C        D         E       F
            +---------+---------+-------+---------+---------+-------
      Total |    2760 |    1381 |  33.3 |     144 |       8 |   5.3
            +---------+---------+-------+---------+---------+-------
        D:1 |      63 |       2 |   3.1 |      31 |       2 |   6.1
        D:2 |      72 |       0 |   0.0 |      25 |       0 |   0.0
        D:3 |     196 |     263 |  57.3 |      16 |       2 |  11.1
        D:4 |     252 |     172 |  40.6 |      23 |       1 |   4.2
        D:5 |    1092 |       0 |   0.0 |      24 |       0 |   0.0
        D:6 |     969 |     281 |  22.5 |      21 |       2 |   8.7
     Temple |     116 |       0 |   0.0 |       4 |       0 |   0.0
    Abyss:2 |       0 |     663 | 100.0 |       0 |       1 | 100.0
            +---------+---------+-------+---------+---------+-------
